 Dungeon Crawl Stone Soup version 0.31-a0-702-gf82c85558f (webtiles) character file.

Game seed: 17781990911303473376

62 qw the Shooter (level 4, -1/28 HPs)
             Began as a Gargoyle Hunter on Sept 8, 2023.
             Slain by an orc wizard
             ... wielding a +0 dagger
              (4 damage)
             ... on level 3 of the Dungeon.
             The game lasted 00:00:37 (1826 turns).

qw the Shooter (Gargoyle Hunter)                    Turns: 1826, Time: 00:00:38

Health: -1/28      AC:  6    Str: 14    XL:     4   Next: 8%
Magic:  4/4        EV: 11    Int: 10    God:
Gold:   113        SH:  0    Dex: 15    Spells: 3/3 levels left

rFire   . . .        Y - +1 shortbow
rCold   . . .        (shield currently unavailable)
rNeg    + . .        c - +0 leather armour
rPois   inf          (no helmet)
rElec   +            (no cloak)
rCorr   .            (no gloves)
SInv    .            (no boots)
Will    .....        d - amulet of reflection
Stlth   +            (no ring)
HPRegen 0.24/turn    (no ring)
MPRegen 0.09/turn

%: reflection
@: confused
A: sickness immunity, AC +3, negative energy resistance 1, electricity
resistance, torment resistance 1, petrification resistance
a: no special abilities


You were on level 3 of the Dungeon.
You visited 1 branch of the dungeon, and saw 3 of its levels.

You collected 113 gold pieces.


Innate Abilities, Weirdness & Mutations

You are immune to sickness and miasma.
Your stone body is resilient. (AC +3)
You are immune to poison.
You resist negative energy. (rN+)
You are resistant to electric shocks. (rElec)
You are resistant to unholy torment.
You are immune to petrification.


   Skills:
 - Level 3.0 Fighting
 + Level 5.2 Ranged Weapons
 - Level 1.5 Dodging
 - Level 1.1 Stealth


You had 3 spell levels left.
You didn't know any spells.
Your spell library was empty.

Inventory:

Hand Weapons
 Y - a +1 shortbow (weapon)
Armour
 c - a +0 leather armour (worn)
Jewellery
 d - an amulet of reflection (around neck)
Potions
 f - a potion of might

Dungeon Overview and Level Annotations

Branches:
Dungeon (3/15)

Altars:

Annotations:
D:2 1 runed translucent door, Crazy Yiuf


Message History

You shoot an arrow.
The arrow completely misses the orc wizard.
The orc wizard hits you but does no damage.
You shoot an arrow.
The arrow hits the orc wizard but does no damage.
The orc wizard is severely wounded.
The orc wizard closely misses you.
You shoot an arrow. The arrow barely misses the orc wizard.
The orc wizard casts a spell at you. The puff of flame hits you!
You shoot an arrow.
The arrow hits the orc wizard but does no damage.
The orc wizard is severely wounded.
The orc wizard casts a spell at you. You resist with some effort.
The orc wizard points at you and mumbles some strange words.
You are confused.
The orc wizard points at you and mumbles some strange words.
You are more confused.
The orc wizard barely misses you. The orc wizard closely misses you.
The orc wizard barely misses you. The orc wizard barely misses you.
The orc wizard casts a spell at you.
You are more confused.
The orc wizard points at you and mumbles some strange words.
The magic dart hits you.
The orc wizard hits you but does no damage.
The orc wizard hits you but does no damage.
The orc wizard closely misses you. The orc wizard closely misses you.
The orc wizard misses you.
The orc wizard hits you but does no damage.
The orc wizard hits you but does no damage.
The orc wizard hits you with a +0 dagger.
The orc wizard points at you and mumbles some strange words.
The magic dart hits you. The orc wizard closely misses you.
The orc wizard hits you with a +0 dagger.
You die...

# #. #.#)### #...)o#
#@# #.# #.#
#.#############
#.#...<........
#.#.###.###.#.#
#####..............
.........###...<....
########## ########.


You could see an orc wizard.

Vanquished Creatures
  An adder (D:2)
  2 worms (D:2)
  A dart slug (D:1)
  2 orcs (D:3)
  3 endoplasms (D:1)
  2 giant cockroaches
  6 hobgoblins
  7 jackals (D:2)
  2 quokkas (D:1)
  6 ball pythons
  2 bats (D:1)
  A frilled lizard (D:1)
  3 kobolds
  3 rats
41 creatures vanquished.

Notes
Turn   | Place    | Note
-------+----------+-------------------------------------------
     0 | D:1      | qw the Gargoyle Hunter began the quest for the Orb.
     0 | D:1      | Reached XP level 1. HP: 12/12 MP: 1/1
     0 | D:1      | 0 ||| qw: Version: 0.3-a-76-g4403597
     0 | D:1      | 0 ||| qw: Game counter: 941
     0 | D:1      | 0 ||| qw: Melee chars always use a shield: true
     0 | D:1      | 0 ||| qw: God list: Okawaru
     0 | D:1      | 0 ||| qw: Allow faded altars: false
     0 | D:1      | 0 ||| qw: Do Orc after clearing Dungeon:15 true
     0 | D:1      | 0 ||| qw: Do second Lair branch before Depths: true
     0 | D:1      | 0 ||| qw: Lair rune preference: random
     0 | D:1      | 0 ||| qw: Goals: Normal
     0 | D:1      | 0 ||| PLANNING D:1-11
   256 | D:1      | Reached XP level 2. HP: 17/17 MP: 2/2
   743 | D:1      | Reached XP level 3. HP: 19/21 MP: 3/3
   834 | D:1      | 834 ||| UPGRADING to amulet of reflection.
   839 | D:1      | 839 ||| READING scroll labelled VEIJIAPNERCHO.
   840 | D:1      | 840 ||| DRINKING 2 bubbling grey potions.
   841 | D:1      | 841 ||| DRINKING 2 glowing emerald potions.
   897 | D:1      | 897 ||| DROPPING scroll of butterflies.
   898 | D:1      | 898 ||| DROPPING potion of lignification.
   947 | D:2      | Reached skill level 5 in Ranged Weapons
  1419 | D:2      | Reached skill level 3 in Fighting
  1597 | D:2      | Found a runed translucent door.
  1598 | D:2      | Noticed Crazy Yiuf
  1727 | D:2      | 1727 ||| READING scroll labelled YDOH GUMODDUKH.
  1728 | D:2      | 1728 ||| READING scroll labelled DOEVYQEWUA.
  1729 | D:2      | 1729 ||| READING scroll labelled KATIEL VUME.
  1730 | D:2      | 1730 ||| READING scroll labelled WERHASI QIYRCH.
  1787 | D:3      | Reached XP level 4. HP: 28/28 MP: 4/4
  1807 | D:3      | HP: 6/28 [orc wizard/puff of flame (8)]
  1815 | D:3      | HP: 4/28 [orc wizard/magic dart (4)]
  1823 | D:3      | HP: 3/28 [orc wizard/+0 dagger (3)]
  1826 | D:3      | Slain by an orc wizard

Levels and vault maps discovered:
D:1:      mrwooster_arrival_statue, layout_basic
D:2:      layout_basic, uniq_crazy_yiuf_cottage
D:3:      layout_loops_ring, hellmonk_ecumenical_altar_prayer_group,
          uniq_sigmund

Skill      XL: |  1  2  3 |
---------------+----------+-----
Ranged Weapons | 5 |  5.2
Fighting       | 3 |  3.0
Dodging        | |  1.5
Stealth        | |  1.1

Action                     |  1- 3 |  4- 6 || total
---------------------------+-------+-------++-------
   Fire: Shortbow          |   132 |    15 ||   147
    Use: Scroll            |     5 |       ||     5
         Potion            |     2 |       ||     2
 Armour: Leather armour    |    51 |    24 ||    75
  Dodge: Dodged            |    42 |    14 ||    56
  Block: Other             |     6 |     1 ||     7

Table legend:
 A = Non-vault XP
 B = Vault XP
 C = Vault XP percentage of total XP
 D = Non-vault monster count
 E = Vault monster count
 F = Vault count percentage of total count
                 A         B        C        D         E       F
            +---------+---------+-------+---------+---------+-------
      Total |      89 |       0 |   0.0 |      41 |       0 |   0.0
            +---------+---------+-------+---------+---------+-------
        D:1 |      37 |       0 |   0.0 |      22 |       0 |   0.0
        D:2 |      44 |       0 |   0.0 |      15 |       0 |   0.0
        D:3 |       8 |       0 |   0.0 |       4 |       0 |   0.0
            +---------+---------+-------+---------+---------+-------
